 Dungeon Crawl Stone Soup version 0.26-b1-32-g5d43845318 (webtiles) character file.

Game seed: 12034113640602656870

1337 Aviak the Insei (level 8, -3/54 HPs)
             Began as an Octopode Transmuter on Jan 12, 2021.
             Was an Initiate of Gozag.
             Slain by a killer bee (9 damage)
             ... on level 7 of the Dungeon.
             The game lasted 00:08:35 (5361 turns).

Aviak the Insei (Octopode Transmuter)               Turns: 5361, Time: 00:08:36

Health: -3/54      AC:  3    Str: 12    XL:     8   Next: 61%
Magic:  9/11       EV: 13    Int: 24    God:    Gozag
Gold:   192        SH:  0    Dex: 12    Spells: 5/11 levels left

rFire    . . .     SeeInvis .     - Unarmed
rCold    + . .     Faith    .   (no shield)
rNeg     + . .     Spirit   .   a - +2 hat {Will+}
rPois    +         Reflect  .   e - amulet of regeneration (curse)
rElec    .         Harm     .   b - ring of stealth
rCorr    .         Rampage  .   m - ring of wizardry
Will     +....                  q - ring of positive energy
Stlth    ++........             w - ring of Qoboa {+Fly rPois Str+3 Int+6 Stlth-}
HPRegen  0.58/turn              C - ring of protection from cold
MPRegen  0.12/turn              (no ring)
                                (no ring)
                                (no ring)

@: lethally poisoned (-3 -> -3), gold aura
A: almost no armour, stealthy swim, amphibious, 8 rings, constrict 8, camouflage
1, gelatinous body 1
a: Renounce Religion, Evoke Flight, Potion Petition, Call Merchant, Bribe Branch


You were on level 7 of the Dungeon.
You worshipped Gozag.
Gozag was aware of your devotion.
You visited 2 branches of the dungeon, and saw 8 of its levels.

You collected 375 gold pieces.
You spent 116 gold pieces at shops.
You paid 67 gold pieces to Gozag.

Inventory:

Armour
 a - a +2 hat of willpower (worn)
Jewellery
 b - a ring of stealth (left tentacle)
 e - a cursed amulet of regeneration (around mantle)
 j - an uncursed ring of ice
 m - a ring of wizardry (right tentacle)
 q - a ring of positive energy (on tentacle)
 w - the ring of Qoboa (on tentacle) {+Fly rPois Str+3 Int+6 Stlth-}
   (You acquired it on level 7 of the Dungeon)

   [ring of intelligence]

   It affects your strength (+3).
   It affects your intelligence (+6).
   It protects you from poison.
   It lets you fly.
   It makes you less stealthy.
 C - a ring of protection from cold (on tentacle)
Wands
 s - a wand of flame (8)
 y - a wand of disintegration (18)
 B - a wand of polymorph (11)
Scrolls
 f - a scroll of immolation
 k - 2 scrolls of enchant weapon
 o - a scroll of enchant armour
 r - 4 scrolls of remove curse
 t - 3 scrolls of teleportation
 x - 2 scrolls of blinking
 A - a scroll of amnesia {unknown}
 E - 2 scrolls of brand weapon {unknown}
Potions
 c - 4 potions of might
 d - a potion of magic {unknown}
 g - a potion of brilliance {unknown}
 l - a potion of cancellation
 n - a potion of curing {unknown}
 p - 3 potions of berserk rage
 u - a potion of lignification {unknown}
 z - a potion of attraction {unknown}
 D - a potion of mutation {unknown}


   Skills:
 + Level 4.8 Fighting
 - Level 2.0 Dodging
 - Level 6.2 Unarmed Combat
 - Level 2.0 Spellcasting
 - Level 6.0 Transmutations
 - Level 5.0 Poison Magic


You had 5 spell levels left.
You knew the following spells:

 Your Spells              Type           Power        Failure   Level
a - Beastly Appendage     Tmut           62%          1%          1
b - Wereblood             Tmut           31%          1%          2
c - Spider Form           Tmut/Pois      14%          1%          3

Your spell library contained the following spells:

 Spells                   Type           Power        Failure   Level
 Blade Hands              Tmut           15%          12%         5
 Ice Form                 Ice/Tmut       16%          14%         4


Dungeon Overview and Level Annotations

Branches:
Dungeon (7/15)             Temple (1/1) D:5

Altars:
Ashenzari
Cheibriados
Dithmenos
Elyvilon
Fedhas
Gozag
Hepliaklqana
Kikubaaqudgha
Makhleb
Nemelex Xobeh
Okawaru
Qazlal
Ru
Sif Muna
Trog
Uskayaw
Vehumet
Wu Jian
Xom
Yredelemnul
Zin
The Shining One

Shops:
D:4 *   D:6 [

Annotations:
D:4 2 transporters, Borgoz's ghost, amateur GrGl
D:7 Joseph


Innate Abilities, Weirdness & Mutations

You cannot wear most types of armour.
You are very stealthy in the water. (Stealth+)
You are amphibious.
You can wear up to eight rings at the same time.
You can use your tentacles to constrict eight enemies at once.
Your skin changes colour to match your surroundings (Stealth+).
Your rubbery body absorbs attacks. (AC +1, EV +1)


Message History

Okay, then.
Okay, then.
Okay, then.
Evoke which item? (* to show all) (? for menu, Esc to quit)
Okay, then.
Okay, then.
It was a potion of cancellation.
You feel strangely stable.
Your magical effects are unravelling.
You feel magically purged.
l - a potion of cancellation;
n - a sedimented sapphire potion Your transformation has ended.
Your +2 hat of willpower unmelds from your body.
You feel strong-willed.
You feel sick.
You kill the adder!
The killer bee stings you.
* * * LOW HITPOINT WARNING * * *
The killer bee stings you!
You die...
Your body crumbles into a pile of gold.

≈,,,,,*,,,****,,,,**,*
,,,*****,,,,#........#
,,,*,***,,,,,........*
,,**,,,,***,,,.y....#*
,**,,,*********..y..#
**,,,,*∩+,*,*,*,.§..#####
*,,,,,***+*+*+**#§§..?..##
*,,,,,*,+,,,+,*##y§......#
,,,,,,***,,,***#@y§##....##
,,,,,,*,+,,,+,*##y§.......#*****
,,,,,,***+*+*,####K.(....##*,,,*
,,,,,,*,+,*,*,#..§..$...##,,,,,*
,,,,,,*******K#..............,,**
,,,,,,...K,,,.K#.........#.##,,,,
,*,,,,,..(,*##*#....#..@.#*#**,,,
,**.,,,...###*##.#......#.###*,*,
,,,..,,,.K..##......#.$.>...##***


You could see 3 killer bees and a kobold.

Vanquished Creatures
  Maggie (D:7)
  Edmund (D:5)
  2 sky beasts (D:5)
  A centaur (D:7)
  2 ogres
  A scorpion (D:5)
  2 electric eels (D:6)
  Ijyb (D:3)
  2 hounds
  An orc wizard (D:4)
  A worker ant zombie (D:6)
  3 gnolls (D:3)
  11 adders
  A shadow imp (D:5)
  2 white imps (D:5)
  An ufetubus (D:5)
  An adder skeleton (D:5)
  3 worms
  A dart slug (D:5)
  4 leopard geckos
  10 orcs
  6 bats
  6 giant cockroaches
  5 goblins
  7 hobgoblins
  22 jackals
  A quokka (D:3)
  A ball python (D:5)
  5 frilled lizards
  A jackal skeleton (D:4)
  A jackal zombie (D:5)
  12 kobolds
  6 rats
125 creatures vanquished.

Notes
Turn   | Place    | Note
-------+----------+-------------------------------------------
     0 | D:1      | Aviak the Octopode Transmuter began the quest for the Orb.
     0 | D:1      | Reached XP level 1. HP: 13/13 MP: 3/3
   238 | D:1      | Reached XP level 2. HP: 10/18 MP: 3/5
   250 | D:1      | Learned a level 2 spell: Wereblood
  1114 | D:2      | Reached XP level 3. HP: 17/23 MP: 4/6
  1439 | D:2      | Found a bloodstained altar of Trog.
  1509 | D:2      | Reached XP level 4. HP: 27/28 MP: 7/7
  1987 | D:3      | Found a shadowy altar of Dithmenos.
  2114 | D:3      | Noticed Ijyb
  2132 | D:3      | Killed Ijyb
  2133 | D:3      | Reached XP level 5. HP: 7/33 MP: 8/8
  2417 | D:4      | Noticed an ogre
  2461 | D:3      | Learned a level 3 spell: Spider Form
  2475 | D:4      | Killed an ogre
  2476 | D:4      | Reached skill level 5 in Unarmed Combat
  2476 | D:4      | Reached XP level 6. HP: 38/38 MP: 3/9
  2650 | D:4      | Noticed an ice beast
  2657 | D:4      | Found Luwemoh's Assorted Antiques.
  2667 | D:4      | Bought a scroll labelled TUNALU LEMO for 29 gold pieces
  2667 | D:4      | Bought a scroll labelled DUTOWE PYD for 29 gold pieces
  2667 | D:4      | Bought a scroll labelled LUSHRO YLIXY for 29 gold pieces
  2667 | D:4      | Bought a scroll labelled LUSHRO YLIXY for 29 gold pieces
  2673 | D:4      | Noticed Borgoz's ghost (amateur GrGl)
  2676 | D:4      | Found a transporter.
  2685 | D:4      | Found a transporter.
  3048 | D:5      | Entered Level 5 of the Dungeon
  3059 | D:5      | Reached skill level 5 in Transmutations
  3119 | D:5      | Noticed a sky beast
  3127 | D:5      | Noticed Edmund
  3132 | D:5      | Killed a sky beast
  3133 | D:5      | Reached XP level 7. HP: 10/43 MP: 7/10
  3207 | D:5      | Killed Edmund
  3409 | D:5      | Found an opulent altar of Gozag.
  3411 | D:5      | Found a shimmering altar of Xom.
  3573 | D:5      | Reached skill level 1 in Poison Magic
  3771 | D:5      | Found a staircase to the Ecumenical Temple.
  3899 | D:5      | Became a worshipper of Gozag Ym Sagoz the Greedy
  3925 | Temple   | Entered the Ecumenical Temple
  4528 | D:6      | Found Xunwayp's Antique Armour Shoppe.
  4592 | D:6      | Reached XP level 8. HP: 39/51 MP: 11/11
  5287 | D:7      | Acquired the ring of Qoboa {+Fly rPois Str+3 Int+6 Stlth-}
  5299 | D:7      | Noticed Maggie
  5313 | D:7      | Killed Maggie
  5314 | D:7      | Reached skill level 5 in Poison Magic
  5341 | D:7      | Noticed Joseph
  5361 | D:7      | Slain by a killer bee

Illustrated notes

Levels and vault maps discovered:
D:1:      saegor_arrival_simple_c, layout_basic
D:2:      layout_rooms, nicolae_overflow_hidden_temple
D:3:      layout_basic, marbit_many_paths, uniq_ijyb
D:4:      layout_basic, serial_shops, shop, gammafunk_ghost_arena,
          dk_noncrumbling_3, minivault_14, uniq_sigmund
D:5:      layout_cave_pools, chequers_temple_overflow_statue_of_worship,
          minmay_temple_entry_enclosed_plants, hangedman_decor_opposing,
          uniq_edmund
D:6:      layout_layer_cave, serial_shops, nicolae_shop_overgrown_old_shop,
          kennysheep_generic_room_16
D:7:      cheibrodos_barr_body, layout_cave_pools,
          nicolae_ossuary_entry_catacombs, tgw_sif, uniq_crazy_yiuf_cottage,
          uniq_joseph, uniq_menkaure, uniq_maggie
Temple:   dpeg_five_rooms_temple

Skill      XL: |  1  2  3  4  5  6  7  8 |
---------------+-------------------------+-----
Transmutations | 3 4 5 6 |  6.0
Unarmed Combat | 4 5 6 |  6.2
Poison Magic   | 3 5 |  5.0
Fighting       | 2 4 |  4.8
Dodging        | |  2.0
Spellcasting   | |  2.0

Action                   |  1- 3 |  4- 6 |  7- 9 || total
-------------------------+-------+-------+-------++-------
Melee: Unarmed           |    78 |   143 |   117 ||   338
       Constrict         |    21 |    35 |    18 ||    74
       Kick              |    14 |    29 |     3 ||    46
       Tentacles         |     5 |    17 |    14 ||    36
       Punch             |     1 |     2 |     4 ||     7
 Cast: Beastly Appendage |    13 |    11 |     5 ||    29
       Wereblood         |       |     5 |       ||     5
       Spider Form       |       |     1 |     5 ||     6
  Use: Potion            |       |     2 |     1 ||     3
       Scroll            |       |     5 |     9 ||    14
 Stab: Sleeping          |     9 |    13 |     4 ||    26
Armor: Skin              |     9 |    11 |    11 ||    31
Dodge: Dodged            |    58 |    84 |    73 ||   215
